 Dungeon Crawl Stone Soup version 0.29-a0-617-g7a6b98fccd (webtiles) character file.

Game seed: 9078477177295193454

209 gruber the Insei (level 5, -6/37 HPs)
             Began as a Merfolk Transmuter on June 17, 2022.
             Mangled by an orc warrior
             ... wielding a +0 hand axe
              (16 damage)
             ... on level 3 of the Dungeon.
             The game lasted 00:03:59 (5006 turns).

gruber the Insei (Merfolk Transmuter)               Turns: 5006, Time: 00:04:00

Health: -6/37      AC:  2    Str: 17    XL:     5   Next: 87%
Magic:  2/8        EV: 20    Int: 14    God:
Gold:   96         SH:  0    Dex: 19    Spells: 4/8 levels left

rFire   . . .      SeeInvis .     - Unarmed
rCold   . . .      Faith    .   (shield currently unavailable)
rNeg    . . .      Spirit   .   (body armour currently unavailable)
rPois   x          Reflect  .   (helmet currently unavailable)
rElec   .          Harm     .   (cloak currently unavailable)
rCorr   .          Rampage  .   (gloves currently unavailable)
Will    .....                   (boots currently unavailable)
Stlth   ++........              (no amulet)
HPRegen 0.12/turn               l - +6 ring of strength
MPRegen 0.11/turn               (no ring)

@: spider-form, very slightly contaminated
A: venomous fangs, tiny, (nimble swimmer 2), (mertail)
a: End Transformation


You were on level 3 of the Dungeon.
You were a venomous arachnid creature.
You visited 1 branch of the dungeon, and saw 4 of its levels.

You collected 96 gold pieces.

Inventory:

Armour
 a - a +0 robe (melded)
Jewellery
 l - a +6 ring of strength (left front leg)
 r - an amulet of reflection
 s - an amulet of faith
Wands
 j - a wand of polymorph (5)
 t - a wand of mindburst (11)
Scrolls
 c - 6 scrolls of identify {unknown}
 f - 4 scrolls of fog {unknown}
 g - 3 scrolls of magic mapping {unknown}
 k - a scroll of vulnerability {unknown}
 o - a scroll of enchant weapon {unknown}
 p - a scroll of noise {unknown}
Potions
 b - a potion of lignification
 d - a potion of ambrosia {unknown}
 e - a potion of might {unknown}
 h - a potion of attraction {unknown}
 i - a potion of flight {unknown}
 m - a potion of curing {unknown}
 n - a potion of magic {unknown}
 q - a potion of berserk rage {unknown}


   Skills:
 - Level 1.1 Fighting
 - Level 2.6 Dodging
 - Level 6.0 Unarmed Combat
 - Level 2.0 Spellcasting
 * Level 4.8 Transmutations


You had 4 spell levels left.
You knew the following spells:

 Your Spells              Type           Power      Damage    Failure   Level
a - Beastly Appendage     Tmut           30%        N/A       11%         1
b - Spider Form           Tmut/Pois      8%         N/A       47%         3

Your spell library contained the following spells:

 Spells                   Type           Power      Damage    Failure   Level
 Wereblood                Tmut           15%        N/A       14%         2
 Sting                    Tmut/Pois      32%        1d4       22%         1
 Foxfire                  Conj/Fire      4%         2x1d4     45%         1
 Poisonous Vapours        Pois/Air       2%         N/A       56%         2
 Scorch                   Fire           2%         2d5       56%         2
 Conjure Flame            Conj/Fire      1%         6-21      77%         3
 Gell's Gravitas          Tloc           1%         N/A       77%         3
 Inner Flame              Hex/Fire       1%         N/A       77%         3
 Lesser Beckoning         Tloc           1%         N/A       77%         3
 Teleport Other           Tloc           1%         N/A       77%         3
 Ice Form                 Ice/Tmut       8%         N/A       83%         4
 Flame Wave               Conj/Fire      1%         2d4       98%         4
 Olgreb's Toxic Radiance  Pois           1%         N/A       98%         4
 Summon Cactus Giant      Summ           0%         N/A       100%        6


Dungeon Overview and Level Annotations

Branches:
Dungeon (4/15)
 Temple: D:4-7

Altars:

Shops:
D:2 (

Annotations:
D:4 Pikel


Innate Abilities, Weirdness & Mutations

You are a venomous arachnid creature.
You have poisonous fangs.
You are tiny and dextrous.
Your spellcasting is less reliable in this form.
Your armour is entirely melded.
You are incapable of wielding weapons or throwing items.
((You are very nimble when in or above water. (Stealth+, EV+, Speed+++)))
((Your lower body shifts to a powerful aquatic tail in water.))


Message History

You climb upwards.
There is a stone staircase leading down here.
You start resting.
HP restored.
You climb downwards.
Level annotation: Pikel The orc priest mumbles some strange prayers to Beogh against you.
Pain shoots through your body!
There is a stone staircase leading up here.
Unknown command.
Unknown command.
The orc wizard gestures wildly while chanting.
The orc wizard flickers and vanishes!
Deactivating autopickup; reactivate with Ctrl-A.
The orc warrior hits you with a +0 hand axe!
* * * LOW HITPOINT WARNING * * *
You climb upwards.
Reactivating autopickup.
There is a stone staircase leading down here.
Unknown command.
Unknown command.
Casting: Spider Form (quite dangerous; 26% risk of failure)
Confirm with . or Enter, or press ? or * to list all spells.
The spell is quite dangerous to miscast (26% risk of failure)!
Continue anyway?
You miscast Spider Form.
You are very lightly contaminated with residual magic.
Nothing appears to happen.
The orc warrior completely misses you.
Unknown command.
Unknown command.
Casting: Spider Form (quite dangerous; 26% risk of failure)
Confirm with . or Enter, or press ? or * to list all spells.
The spell is quite dangerous to miscast (26% risk of failure)!
Continue anyway?
You turn into a venomous arachnid creature.
Your +0 robe melds into your body.
The orc warrior barely misses you.
Unknown command.
Unknown command.
You hit the orc warrior but do no damage.
The orc warrior is poisoned.
The orc warrior hits you with a +0 hand axe!
You die...

#..(..#
#..#########...######.
#######
##.......####...# #..
#######......#.# #<#
##...###.####.#
##..........<.# #####
#..#####..#.... #...#
#.## ##.##.##
#...#####.# #....#
#....os...# #..#.##
#...####### ####...
#...# #### #...# #...#
#####


You could see an orc warrior (very poisoned).

Vanquished Creatures
  A black bear (D:4)
  A lemure (D:4)
  Jessica (D:3)
  4 adders
  2 worms
  An orc (D:3)
  6 bats
  4 endoplasms
  2 giant cockroaches
  6 goblins
  2 hobgoblins
  3 jackals (D:2)
  5 quokkas
  2 ball pythons
  2 frilled lizards
  4 kobolds
  8 rats
54 creatures vanquished.

Vanquished Creatures (others)
  A plant (D:2)
1 creature vanquished.

Grand Total: 55 creatures vanquished

Notes
Turn   | Place    | Note
-------+----------+-------------------------------------------
     0 | D:1      | gruber the Merfolk Transmuter began the quest for the Orb.
     0 | D:1      | Reached XP level 1. HP: 15/15 MP: 3/3
   257 | D:1      | Reached XP level 2. HP: 16/21 MP: 3/5
   519 | D:1      | Reached skill level 4 in Unarmed Combat
  1315 | D:2      | Found a faded altar of an unknown god.
  1331 | D:2      | Reached XP level 3. HP: 9/26 MP: 6/6
  1910 | D:1      | Learned a level 3 spell: Spider Form
  2219 | D:2      | Reached skill level 5 in Unarmed Combat
  2226 | D:2      | Found Oriq's Weapon Emporium.
  3154 | D:3      | Reached XP level 4. HP: 28/32 MP: 5/7
  3396 | D:3      | Noticed Jessica
  3408 | D:3      | Killed Jessica
  3815 | D:3      | Reached skill level 6 in Unarmed Combat
  3846 | D:3      | Reached XP level 5. HP: 24/37 MP: 6/8
  4183 | D:4      | Noticed a black bear
  4190 | D:4      | Killed a black bear
  4559 | D:4      | Noticed a lemure
  4604 | D:4      | Killed a lemure
  4652 | D:4      | Noticed Pikel
  4827 | D:4      | Noticed an orc warrior
  5006 | D:3      | Mangled by an orc warrior

Illustrated notes

Levels and vault maps discovered:
D:1:      psy_arrival_radial01, layout_basic
D:2:      layout_basic, serial_shops, nicolae_shop_bloodbath_and_beyond,
          hellmonk_ecumenical_altar_crossroads, corexii_shack,
          chequers_serial_rivers_large_b
D:3:      layout_rooms, uniq_jessica
D:4:      layout_loops_ring, minmay_temple_entry_hall, guppyfry_early_orc_mine,
          uniq_pikel

Skill      XL: |  1  2  3  4  5 |
---------------+----------------+-----
Unarmed Combat | 4 5 6 |  6.0
Transmutations | 4 |  4.8
Fighting       | |  1.1
Dodging        | |  2.6
Spellcasting   | |  2.0

Action                   |  1- 3 |  4- 6 || total
-------------------------+-------+-------++-------
Melee: Unarmed           |   127 |    69 ||   196
       Headbutt          |     7 |     4 ||    11
       Punch             |       |     3 ||     3
 Cast: Beastly Appendage |    17 |    10 ||    27
       Spider Form       |     1 |     3 ||     4
 Stab: Sleeping          |     1 |     1 ||     2
Armor: Robe              |    28 |     3 ||    31
       Skin              |     1 |     1 ||     2
Dodge: Dodged            |    99 |    37 ||   136

Table legend: (Time is in decaauts)
 A = Elapsed time spent in this place.
 B = Non-inter-level travel time spent in this place.
 C = Inter-level travel time spent in this place.
 D = Time resting spent in this place.
 E = Time spent auto-exploring this place.
 F = Levels seen in this place.
 G = Mean time per level.
                   A        B        C        D        E       F      G
               +--------+--------+--------+--------+--------+-----+--------+
         Total |   4955 |   4829 |    126 |    510 |   3781 |   4 | 1238.8 |
       Dungeon |   4955 |   4829 |    126 |    510 |   3781 |   4 | 1238.8 |
               +--------+--------+--------+--------+--------+-----+--------+

Top non-repeatable levels by time:
     D:1: 1563 daAuts
     D:2: 1532 daAuts
     D:3: 1308 daAuts
     D:4: 552 daAuts
